 Dungeon Crawl Stone Soup version 0.31-a0-1291-g5386780bc2 (webtiles) character file.

Game seed: 12632868078506255985

234 Nattfarinn the Ruffian (level 6, 0/55 HPs)
             Began as an Ogre Shapeshifter on Dec 18, 2023.
             Was an Initiate of Okawaru.
             Succumbed to a scorpion's poison
             ... on level 4 of the Dungeon.
             The game lasted 00:04:49 (3358 turns).

Nattfarinn the Ruffian (Ogre Shapeshifter)          Turns: 3358, Time: 00:04:50

Health: 0/55       AC:  3    Str: 21    XL:     6   Next: 5%
Magic:  6/6        EV:  9    Int: 11    God:    Okawaru [......]
Gold:   270        SH:  0    Dex:  8    Spells: 5/5 levels left

rFire   . .          .
                       - Unarmed
rCold   . . .        (no shield)
rNeg    . . .        a - +0 animal skin
rPois   .            (helmet currently unavailable)
rElec   .            (cloak currently unavailable)
rCorr   .            (gloves unavailable)
SInv    +            (boots unavailable)
Will    +....        (no amulet)
Stlth   +            m - ring of see invisible
HPRegen 0.29/turn    (no ring)
MPRegen 0.10/turn

%: no passive effects
@: mighty, brilliant, lethally poisoned (0 -> -4), beast-form, enlightened,
flying
A: beast (slay +2), large, unfitting armour, tough skin 1
a: Begin Untransformation, Renounce Religion


You were on level 4 of the Dungeon.
You worshipped Okawaru.
Okawaru was noncommittal.
You were a hulking beast.
You visited 2 branches of the dungeon, and saw 5 of its levels.

You collected 270 gold pieces.

Inventory:

Hand Weapons
 j - a +2 vampiric dagger
Armour
 a - a +0 animal skin (worn)
Jewellery
 m - a ring of see invisible (left hand)
Talismans
 c - a beast talisman
 d - a flux talisman
Wands
 b - a wand of flame (10)
Scrolls
 e - 3 scrolls of teleportation
 f - a scroll of revelation
 h - a scroll of immolation
 k - a scroll of fog {unknown}
 l - a scroll of vulnerability {unknown}
Potions
 i - a potion of might


   Skills:
 - Level 1.3 Fighting
 - Level 1.7 Dodging
 - Level 5.5 Unarmed Combat
 + Level 3.7 Shapeshifting


You had 5 spell levels left.
You didn't know any spells.
Your spell library contained the following spells:

 Spells                   Type           Power      Damage    Failure   Level
 Static Discharge         Conj/Air       0%         3-3/arc   47%         2
 Sublimation of Blood     Necr           0%         N/A       47%         2
 Wereblood                Tmut           0%         N/A       47%         2
 Gell's Gravitas          Tloc           0%         N/A       71%         3
 Teleport Other           Tloc           0%         N/A       71%         3
 Airstrike                Air            0%         2d(0-16)  98%         4
 Dispersal                Tloc           0%         N/A       100%        6
 Summon Lightning Spire   Summ/Air       Unusable   N/A       N/A         4
 Summon Hydra             Summ           Unusable   N/A       N/A         7

Dungeon Overview and Level Annotations

Branches:
Dungeon (4/15)             Temple (1/1) D:4

Altars:
Ashenzari
Cheibriados
Dithmenos
Gozag
Hepliaklqana
Kikubaaqudgha
Nemelex Xobeh
Okawaru
Qazlal
Ru
Sif Muna
Trog
Uskayaw
Xom
Zin


Innate Abilities, Weirdness & Mutations

You are a hulking beast.
Your limbs bulge with bestial killing power. (Slay +2)
You are too large for most types of armour.
You have tough skin. (AC +1)


Message History

You punch the scorpion!
You kill the scorpion!
Okawaru is honoured by your kill.
* * * LOW HITPOINT WARNING * * *
You feel very sick.
You have reached level 6!
You feel stronger.
Okay, then.
You hit the orc.
The orc is heavily wounded.
* * * LOW HITPOINT WARNING * * *
You feel very sick. The orc closely misses you.
You hit the orc but do no damage.
The orc is heavily wounded.
* * * LOW HITPOINT WARNING * * *
You feel very sick.
An endoplasm comes into view.
The orc hits you with a +0 whip.
* * * LOW HITPOINT WARNING * * *
It was a potion of might.
You feel very mighty all of a sudden.
* * * LOW HITPOINT WARNING * * *
You feel sick. The orc barely misses you.
It was a potion of enlightenment.
You feel very buoyant.
You fly up into the air.
* * * LOW HITPOINT WARNING * * *
You feel sick. The orc hits you but does no damage.
It was a potion of brilliance.
You feel clever all of a sudden.
* * * LOW HITPOINT WARNING * * *
You feel sick. The orc hits you with a +0 whip.
* * * LOW HITPOINT WARNING * * *
Unknown command.
The endoplasm quivers.
You punch the orc!
You kill the orc!
Okawaru accepts your kill.
You die...

## .... #.. .####
...##.# ...<#
J....# .##.....# #
....# ##
######...$#.##....
.)##
##........####..##
.. #.)).......
##>. #h.# #.. #
##.# #.# ###.###.#
. #.......#
#...####..# ..).##
##.# .## #.# #.#
############# #.##


You could see an endoplasm.

Vanquished Creatures
  A scorpion (D:4)
  An orc priest (D:3)
  Terence (D:2)
  5 adders
  A worm (D:3)
  A dart slug (D:1)
  5 orcs
  5 endoplasms
  4 giant cockroaches
  4 goblins
  5 hobgoblins
  A jackal (D:1)
  6 quokkas
  6 ball pythons
  4 bats
  4 frilled lizards
  8 kobolds
  2 rats
64 creatures vanquished.

Notes
Turn   | Place    | Note
-------+----------+-------------------------------------------
     0 | D:1      | Nattfarinn the Ogre Shapeshifter began the quest for the
                  | Orb.
     0 | D:1      | Reached XP level 1. HP: 19/19 MP: 1/1
    73 | D:1      | Reached skill level 3 in Unarmed Combat
   141 | D:1      | Reached XP level 2. HP: 27/27 MP: 2/2
   529 | D:1      | Reached XP level 3. HP: 30/33 MP: 3/3
   805 | D:1      | Found a glowing silver altar of Zin.
   961 | D:2      | Reached skill level 4 in Unarmed Combat
  1449 | D:2      | You fall into a shaft and drop 2 floors!
  1506 | D:3      | Noticed a +0 dagger
  1506 | D:3      | Noticed a +0 dagger
  1615 | D:3      | Reached XP level 4. HP: 27/41 MP: 4/4
  1628 | D:3      | HP: 2/41 [poisoned by an adder]
  1786 | D:3      | Found a hide-covered altar of Uskayaw.
  1889 | D:2      | Noticed Terence
  2083 | D:2      | Killed Terence
  2467 | D:3      | Reached skill level 5 in Unarmed Combat
  2517 | D:3      | Reached XP level 5. HP: 11/48 MP: 5/5
  2849 | D:3      | Found an opulent altar of Gozag.
  3231 | D:4      | Found a staircase to the Ecumenical Temple.
  3242 | Temple   | Entered the Ecumenical Temple
  3272 | Temple   | Became a worshipper of Warmaster Okawaru
  3353 | D:4      | Reached XP level 6. HP: 13/55 MP: 6/6
  3357 | D:4      | HP: 2/55 [poisoned by a scorpion]
  3358 | D:4      | Succumbed to a scorpion's poison

Illustrated notes

Levels and vault maps discovered:
D:1:      dpeg_arrival_lava_altar, layout_rooms, st_stairs_9,
          grunt_decor_clamped, minivault_5
D:2:      layout_loops_ring, minmay_tall_x, uniq_terence
D:3:      layout_rooms, mainiacjoe_overflow_alcove_4, dancing_weapons_uskayaw
D:4:      layout_rooms, minmay_temple_entry_poolview
Temple:   oiseaux_autumnal_temple

Skill      XL: |  1  2  3  4 |
---------------+-------------+-----
Unarmed Combat | 3 4 5 |  5.5
Fighting       | |  1.3
Dodging        | |  1.7
Shapeshifting  | |  3.7

Action                     |  1- 3 |  4- 6 || total
---------------------------+-------+-------++-------
  Melee: Unarmed           |    94 |   110 ||   204
         Punch             |     4 |     3 ||     7
    Use: Potion            |     1 |     7 ||     8
         Scroll            |       |     3 ||     3
   Stab: Sleeping          |     1 |       ||     1
 Armour: Animal skin       |    58 |    83 ||   141
         Skin              |     4 |       ||     4
  Dodge: Dodged            |    37 |    52 ||    89

Table legend: (Time is in decaauts)
 A = Elapsed time spent in this place.
 B = Non-inter-level travel time spent in this place.
 C = Inter-level travel time spent in this place.
 D = Time resting spent in this place.
 E = Time spent auto-exploring this place.
 F = Levels seen in this place.
 G = Mean time per level.
                   A        B        C        D        E       F      G
               +--------+--------+--------+--------+--------+-----+--------+
         Total |   3340 |   3184 |    156 |    886 |   1851 |   5 |  668.0 |
       Dungeon |   3280 |   3183 |     97 |    886 |   1851 |   4 |  820.0 |
        Temple |     60 |      1 |     59 |      0 |      0 |   1 |   60.0 |
               +--------+--------+--------+--------+--------+-----+--------+

Top non-repeatable levels by time:
     D:2: 1258 daAuts
     D:3: 1001 daAuts
     D:1: 836 daAuts
     D:4: 183 daAuts
  Temple: 60 daAuts
